 Dungeon Crawl Stone Soup version 0.23.1 (webtiles) character file.

Game seed: 9849601902947856277

3013 Norn the Spear-Bearer (level 9, 0/71 HPs)
             Began as a Merfolk Skald on Mar 12, 2019.
             Was an Initiate of Ashenzari.
             Slain by an orc wizard
             ... wielding a +0 dagger
              (1 damage)
             ... on level 7 of the Dungeon.
             The game lasted 00:19:56 (9269 turns).

Norn the Spear-Bearer (Merfolk Skald)               Turns: 9269, Time: 00:19:57

Health: 0/71       AC:  4    Str: 11    XL:     9   Next: 85%
Magic:  7/12       EV: 16    Int: 15    God:    Ashenzari [......]
Gold:   344        SH:  0    Dex: 14    Spells: 6/12 levels left

rFire    . . .     SeeInvis .   a - +0 trident
rCold    + . .     Gourm    .   (no shield)
rNeg     . . .     Faith    .   b - +0 leather armour
rPois    .         Spirit   .   E - +0 helmet (curse)
rElec    .         Reflect  .   (no cloak)
rCorr    .         Harm     .   (no gloves)
MR       .....                  (no boots)
Stlth    +.........             (no amulet)
HPRegen  0.21/turn              o - ring of protection from cold
MPRegen  0.13/turn              (no ring)

@: flying, very slightly contaminated
A: change form in water, swift swim, stealthy swim
a: Curse Item, Renounce Religion


You were on level 7 of the Dungeon.
You worshipped Ashenzari.
Ashenzari was noncommittal.
You were not hungry.

You visited 2 branches of the dungeon, and saw 8 of its levels.

You collected 344 gold pieces.

Inventory:

Hand Weapons
 a - a +0 trident (weapon)
   (You took it off an orc on level 4 of the Dungeon)
 D - a +0 blowgun
   (You took it off a kobold on level 7 of the Dungeon)
Missiles
 x - a throwing net (quivered) {!f}
 F - 14 poisoned needles
Armour
 b - a +0 leather armour (worn)
 r - a +3 ring mail
   (You took it off an orc priest on level 4 of the Dungeon)
 E - a cursed +0 helmet (worn)
   (You found it on level 6 of the Dungeon)
Jewellery
 o - a ring of protection from cold (left hand)
   (You found it on level 2 of the Dungeon)
Wands
 t - a wand of flame (4)
   (You found it on level 4 of the Dungeon)
 B - a wand of random effects (17)
   (You found it on level 5 of the Dungeon)
Scrolls
 d - 4 scrolls of fear {unknown}
 f - a scroll of amnesia {unknown}
 g - 5 scrolls of remove curse {@r2}
 h - a scroll of fog {unknown}
 i - a scroll of enchant weapon {unknown}
 j - 2 scrolls of blinking {unknown}
 l - 4 scrolls of magic mapping {unknown}
 n - 8 scrolls of identify {@r1}
 u - a scroll of teleportation {unknown}
 y - a scroll of random uselessness {unknown}
Potions
 c - 2 potions of heal wounds {unknown}
 k - 3 potions of haste {@q3}
 m - a potion of degeneration {unknown}
 p - a potion of cancellation {unknown}
 q - 2 potions of flight
 s - a potion of mutation {unknown}
 v - a potion of berserk rage {unknown}
 w - a potion of might {unknown}
 z - a potion of lignification {unknown}
 A - a potion of agility {unknown}
 C - 3 potions of curing {unknown}
Comestibles
 e - 5 rations {!d}


   Skills:
 + Level 6.9 Fighting
 * Level 12.0 Polearms
 - Level 0.6 Armour
 + Level 8.3 Dodging
 - Level 2.0 Spellcasting
 + Level 5.4 Hexes
 - Level 4.0 Charms


You had 6 spell levels left.
You knew the following spells:

 Your Spells              Type           Power        Failure   Level  Hunger
a - Infusion              Chrm           ##..         5%          1    #......
q - Shroud of Golubria    Chrm/Tloc      #.........   19%         2    ###....
t - Spectral Weapon       Hex/Chrm       ###.....     13%         3    ###....

Your spell library contained the following spells:

 Spells                   Type           Power        Failure   Level  Hunger
 Song of Slaying          Chrm           ##......     9%          2    ###....
 Animate Skeleton         Necr           N/A          28%         1    #......
 Pain                     Necr           #...         28%         1    #......
 Regeneration             Chrm/Necr      #.........   36%         3    ###....
 Vampiric Draining        Necr           #.........   65%         3    ###....
 Animate Dead             Necr           N/A          96%         4    #####..


Dungeon Overview and Level Annotations

Branches:
Dungeon (7/15)             Temple (1/1) D:7

Altars:
Ashenzari
Cheibriados
Dithmenos
Elyvilon
Fedhas
Gozag
Hepliaklqana
Kikubaaqudgha
Makhleb
Nemelex Xobeh
Okawaru
Qazlal
Ru
Trog
Uskayaw
Vehumet
Wu Jian
Xom
Zin
The Shining One

Annotations:
D:2 1 runed translucent door, Crazy Yiuf
D:7 2 transporters, Name63's ghost, novice GnNe


Message History

Your spectral weapon hits the hound from afar.
You kill the hound!
Attack whom?
Aim: an orc, wielding a +0 club and wearing a +0 chain mail (translocational energy)
You reach to attack!
You hit the orc but do no damage.
Your spectral weapon hits the orc from afar.
You barely miss the orc.
Your spectral weapon hits the orc from afar.
You kill the orc!
Attack whom?
Aim: an orc warrior, wielding a +0 war axe and wearing a +0 plate armour You reach to attack!
You hit the orc warrior.
Attack whom?
Aim: an orc warrior, wielding a +0 war axe and wearing a +0 plate armour (lightly wounded)
You reach to attack!
You hit the orc warrior but do no damage.
Your spectral weapon barely misses the orc warrior.
You hit the orc warrior but do no damage.
Your spectral weapon hits the orc warrior but does no damage.
The orc priest miscasts a cantrip.
The orc warrior completely misses you.
You hit the orc warrior.
Your spectral weapon barely misses the orc warrior.
You hit the orc warrior.
Your spectral weapon barely misses the orc warrior.
The orc warrior hits you with a +0 war axe.
The orc wizard completely misses you.
You hit the orc warrior.
Your spectral weapon hits the orc warrior from afar.
The orc wizard completely misses you.
You hit the orc warrior but do no damage.
Your spectral weapon closely misses the orc warrior.
The orc warrior hits you with a +0 war axe!!
The orc wizard casts a spell at you. The magic dart hits you!
* * * LOW HITPOINT WARNING * * *
The orc priest looks satisfied for a moment.
You are too injured to fight recklessly!
You hit the orc wizard but do no damage.
Your spectral weapon completely misses the orc wizard.
The orc wizard casts a spell at you. The magic dart hits you!
* * * LOW HITPOINT WARNING * * *
The orc warrior hits you with a +0 war axe!!
* * * LOW HITPOINT WARNING * * *
It was a potion of flight.
You feel very buoyant.
You fly up into the air.
The orc wizard hits you with a +0 dagger.
You die...

#....###.###.#
##.# #....#
### #+# #.##
#.#### ##.#
#.## ##. #..##
## ##..)####
#### #.......+
. +...
##.(o####....
####
#...@oo..... #
#.######.#..
#.. #. #. #.
#. ##


You could see an orc warrior, an orc priest, an orc wizard and a friendly
spectral +0 trident.

Vanquished Creatures
  Pikel (D:5)
  A hungry ghost (D:7)
  An orc warrior (D:6)
  An ice beast (D:7)
  2 ogres
  A slave (D:5)
  4 phantoms
  2 centaurs
  2 big kobolds (D:7)
  Blork the orc (D:4)
  A bullfrog (D:6)
  A scorpion (D:3)
  5 wights (D:6)
  6 electric eels (D:5)
  4 crimson imps
  A centaur zombie (D:7)
  4 hounds
  An orc wizard (D:4)
  3 orc priests
  An iguana (D:4)
  Terence (D:2)
  5 worker ants
  9 adders
  3 gnolls (D:3)
  An ooze (D:4)
  4 worms
  4 dart slugs
  6 leopard geckos
  20 orcs
  4 giant cockroaches
  7 goblins
  12 hobgoblins
  10 jackals (D:3)
  3 quokkas
  2 ball pythons
  7 bats
  9 frilled lizards
  19 kobolds
  A leopard gecko skeleton (D:4)
  A leopard gecko zombie (D:5)
  3 rats
  A plant (D:5)
175 creatures vanquished.

Vanquished Creatures (others)
  3 slaves (D:5)
  4 spectral weapons
7 creatures vanquished.

Grand Total: 182 creatures vanquished

Notes
Turn   | Place    | Note
-------+----------+-------------------------------------------
     0 | D:1      | Norn the Merfolk Skald began the quest for the Orb.
     0 | D:1      | Reached XP level 1. HP: 16/16 MP: 3/3
   185 | D:1      | Reached XP level 2. HP: 21/23 MP: 0/5
   332 | D:1      | Learned a level 2 spell: Shroud of Golubria
   435 | D:1      | Reached XP level 3. HP: 24/28 MP: 6/6
   442 | D:1      | Reached skill level 4 in Polearms
   654 | D:2      | Found a shimmering altar of Xom.
  1014 | D:2      | Found a runed translucent door.
  1015 | D:2      | Noticed Crazy Yiuf
  1255 | D:2      | Reached XP level 4. HP: 28/34 MP: 2/7
  1355 | D:2      | Found an ornate altar of the Wu Jian Council.
  1423 | D:2      | Noticed Terence
  1550 | D:2      | Learned a level 3 spell: Spectral Weapon
  1681 | D:2      | Killed Terence
  1873 | D:2      | Reached skill level 5 in Polearms
  2134 | D:3      | Found an iron altar of Okawaru.
  2192 | D:3      | Reached XP level 5. HP: 29/41 MP: 2/8
  2388 | D:3      | Found an ancient bone altar of Kikubaaqudgha.
  3655 | D:3      | Found a blossoming altar of Fedhas.
  3743 | D:3      | Reached skill level 1 in Hexes
  4131 | D:4      | Reached skill level 6 in Polearms
  4131 | D:4      | Reached XP level 6. HP: 33/47 MP: 0/9
  4448 | D:4      | Noticed Blork the orc
  4468 | D:4      | Killed Blork the orc
  4917 | D:4      | Reached XP level 7. HP: 45/54 MP: 3/10
  4975 | D:4      | Reached skill level 7 in Polearms
  4975 | D:4      | Reached skill level 5 in Dodging
  5625 | D:4      | Reached skill level 8 in Polearms
  5910 | D:5      | Entered Level 5 of the Dungeon
  5936 | D:5      | Reached XP level 8. HP: 51/61 MP: 8/11
  6030 | D:5      | Found a glowing golden altar of the Shining One.
  6325 | D:5      | Noticed Pikel
  6335 | D:5      | Reached skill level 5 in Fighting
  6368 | D:5      | Reached skill level 9 in Polearms
  6399 | D:5      | Killed Pikel
  6399 | D:5      | Reached skill level 10 in Polearms
  6829 | D:5      | Reached XP level 9. HP: 64/69 MP: 12/12
  8059 | D:6      | Reached skill level 11 in Polearms
  8400 | D:7      | Found a transporter.
  8430 | D:7      | Reached skill level 5 in Hexes
  8496 | D:7      | Noticed Name63's ghost (novice GnNe)
  8647 | D:7      | Found a staircase to the Ecumenical Temple.
  8661 | Temple   | Entered the Ecumenical Temple
  8686 | Temple   | Became a worshipper of Ashenzari the Shackled
  9106 | D:7      | Found a transporter.
  9177 | D:7      | Reached skill level 12 in Polearms
  9268 | D:7      | HP: 1/71 [orc warrior/+0 war axe (22)]
  9269 | D:7      | Slain by an orc wizard

Skill      XL: |  1  2  3  4  5  6  7  8  9 |
---------------+----------------------------+-----
Dodging        | 3 4 5 7 8 |  8.3
Polearms       | 4 5 6 8 10 12 | 12.0
Fighting       | 3 4 5 6 |  6.9
Charms         | 4 |  4.0
Hexes          | 1 2 3 4 5 |  5.4
Armour         | |  0.6
Spellcasting   | |  2.0

Action                   |  1- 3 |  4- 6 |  7- 9 || total
-------------------------+-------+-------+-------++-------
Melee: Spear             |   148 |   240 |       ||   388
       Trident           |       |       |   300 ||   300
 Cast: Infusion          |     9 |    18 |     2 ||    29
       Spectral Weapon   |       |    10 |    30 ||    40
       Shroud of Golubri |       |     1 |     2 ||     3
Evoke: Wand              |       |       |    11 ||    11
  Use: Scroll            |       |     2 |     1 ||     3
       Potion            |       |       |     1 ||     1
 Stab: Distracted        |       |     2 |     1 ||     3
  Eat: Chunk             |     1 |    14 |    13 ||    28
       Ration            |       |       |     2 ||     2
Armor: Leather armour    |    20 |    31 |    16 ||    67
Dodge: Dodged            |    64 |   123 |   135 ||   322
